 Dungeon Crawl Stone Soup version 0.29.1-15-g9cfb28693d (webtiles) character file.

Game seed: 11761902876464989220

3 zeram the Vexing (level 1, -1/16 HPs)
             Began as a Hill Orc Arcane Marksman on Mar 18, 2023.
             Slain by a quokka (3 damage)
             ... on level 1 of the Dungeon.
             The game lasted 00:00:19 (47 turns).

zeram the Vexing (Hill Orc Arcane Marksman)           Turns: 47, Time: 00:00:20

Health: -1/16      AC:  2    Str: 12    XL:     1   Next: 50%
Magic:  0/2        EV: 12    Int: 13    God:
Gold:   0          SH:  0    Dex: 11    Spells: 1/2 levels left

rFire   . . .      SeeInvis .   a - +1 sling
rCold   . . .      Faith    .   (no shield)
rNeg    . . .      Spirit   .   c - +0 robe
rPois   .          Reflect  .   (no helmet)
rElec   .          Harm     .   (no cloak)
rCorr   .          Rampage  .   (no gloves)
Will    .....                   (no boots)
Stlth   +.........              (no amulet)
HPRegen 0.05/turn               (no ring)
MPRegen 0.08/turn               (no ring)

@: no status effects
A: no striking features
a: no special abilities


You were on level 1 of the Dungeon.
You visited 1 branch of the dungeon, and saw 1 of its levels.

Inventory:

Hand Weapons
 a - a +1 sling (weapon)
Armour
 c - a +0 robe (worn)
Scrolls
 b - a scroll of poison


   Skills:
 + Level 1.2 Fighting
 + Level 1.7 Ranged Weapons
 + Level 1.5 Dodging
 + Level 1.1 Spellcasting
 + Level 3.1 Hexes


You had one spell level left.
You knew the following spells:

 Your Spells              Type           Power      Damage    Failure   Level
a - Slow                  Hex            32%        N/A       8%          1

Your spell library contained the following spells:

 Spells                   Type           Power      Damage    Failure   Level
 Inner Flame              Hex/Fire       4%         N/A       41%         3
 Portal Projectile        Hex/Tloc       8%         N/A       41%         3
 Cause Fear               Hex            4%         N/A       58%         4


Dungeon Overview and Level Annotations

Branches:
Dungeon (1/15)

Altars:


Message History

Unknown command.
Unknown command.
You shoot a sling bullet.
The sling bullet closely misses the quokka.
The quokka barely misses you. The quokka misses you.
A rat comes into view.
The quokka attacks as you move away! The quokka bites you.
The quokka bites you.
* * * LOW HITPOINT WARNING * * *
You are too injured to fight recklessly!
You are too injured to fight recklessly!
You are too injured to fight recklessly!
You are too injured to fight recklessly!
Aiming: Slow (safe; 8% risk of failure)
Press: ? - help, Q - select action, (/) - cycle Shift-Dir - straight line, f/p - quokka
Aim: a quokka (chance to affect: 63%)
The quokka seems to slow down.
The quokka bites you.
* * * LOW HITPOINT WARNING * * *
Aiming: Slow (safe; 8% risk of failure)
Press: ? - help, Q - select action, (/) - cycle Shift-Dir - straight line, f/p - quokka
Aim: a quokka (slow, chance to affect: 63%)
The quokka seems to slow down.
The quokka bites you but does no damage.
You don't have enough magic to cast this spell.
Unknown command.
You don't have enough magic to cast this spell.
You don't have enough magic to cast this spell.
You don't have enough magic to cast this spell.
Unknown command.
You don't have enough magic to cast this spell.
You don't have enough magic to cast this spell.
You don't have enough magic to cast this spell.
Sorry, you're not good enough to have a special ability.
Sorry, you're not good enough to have a special ability.
Sorry, you're not good enough to have a special ability.
Unknown command.
The quokka closely misses you. The quokka bites you.
You die...

## .#. ... #. .. .. ##..
#J ######.##..# #.# .#
#.......#..# #.###J#
#..........# ##rJ.#
#..#.......#..# ##g###r#
#..#.......#..###r####.#
#..#...<...#..##@......#
#..#.......#..##..####.#
#..........#...)..# .#
#..#.).....#..##.......#
#..##.######..##..######
#.........)...##..#
#.............##..#
#########.######.## #)#
#.#


You could see an endoplasm, a quokka (slow), a hobgoblin and a rat.

Vanquished Creatures
  A goblin (D:1)
  A jackal (D:1)
  A kobold (D:1)
3 creatures vanquished.

Notes
Turn   | Place    | Note
-------+----------+-------------------------------------------
     0 | D:1      | zeram the Hill Orc Arcane Marksman began the quest for the
                  | Orb.
     0 | D:1      | Reached XP level 1. HP: 16/16 MP: 2/2
    47 | D:1      | Slain by a quokka

Illustrated notes

Levels and vault maps discovered:
D:1:      lemuel_arrival_room, layout_loops_ring, st_stairs_13,
          minmay_heptomino_l4

Action                   || total
-------------------------++-------
 Fire: Sling             ||    11
 Cast: Slow              ||     2
Armor: Robe              ||     5
Dodge: Dodged            ||     6
